 Dungeon Crawl Stone Soup version 0.25-a0-699-g25a338df49 (webtiles) character file.

Game seed: 18070187646017078845, levelgen mode: deterministic

856 Conn the Sneak (level 8, 0/72 HPs)
             Began as an Octopode Wizard on Apr 2, 2020.
             Succumbed to a worker ant's poison
             ... while paralysed
             ... on level 4 of the Dungeon.
             The game lasted 00:14:28 (4579 turns).

Conn the Sneak (Octopode Wizard)                    Turns: 4579, Time: 00:14:29

Health: 0/72       AC: 24    Str:  6    XL:     8   Next: 2%
Magic:  15/15      EV:  2    Int: 23    God:
Gold:   223        SH:  0    Dex: 10    Spells: 4/17 levels left

rFire    . . .     SeeInvis .   q - +2 short sword (holy)
rCold    + . .     Gourm    .   (no shield)
rNeg     + + +     Faith    .   (helmet currently unavailable)
rPois    +         Spirit   .   (no amulet)
rElec    .         Reflect  .   g - ring of flight
rCorr    .         Harm     .   n - ring of protection from cold
MR       .....     NoTele   +   (no ring)
Stlth    +++.......             (no ring)
HPRegen  0.22/turn              (no ring)
MPRegen  0.14/turn              (no ring)
                                (no ring)
                                (no ring)

@: paralysed, lethally poisoned (0 -> -3), tree-form (expiring), berserk
cooldown, slowed
A: almost no armour, stealthy swim, (amphibious), 8 rings, (constrict 8)
a: no special abilities


You were on level 4 of the Dungeon.
You were hungry.
You were a tree.
You visited 1 branch of the dungeon, and saw 5 of its levels.

You collected 223 gold pieces.

Inventory:

Hand Weapons
 j - a +0 short sword
 p - a +1 dagger of flaming
 q - a +2 short sword of holy wrath (weapon)
 v - a +0 hunting sling
Missiles
 i - 72 sling bullets
Armour
 a - a +0 hat (melded)
Jewellery
 g - a ring of flight (left branch)
 n - a ring of protection from cold (right branch)
Scrolls
 b - 7 scrolls of identify
 d - 6 scrolls of remove curse
 e - a scroll of magic mapping {unknown}
 f - a scroll of enchant weapon {unknown}
 h - a scroll of immolation {unknown}
 k - a scroll of blinking {unknown}
 m - a scroll of fog {unknown}
 o - a scroll of amnesia
 t - a scroll of random uselessness {unknown}
Potions
 w - a potion of flight
Comestibles
 c - 10 rations


   Skills:
 + Level 1.5 Fighting
 + Level 2.5 Short Blades
 + Level 3.3 Dodging
 + Level 6.9 Stealth
 + Level 0.3 Unarmed Combat
 + Level 5.0 Spellcasting
 + Level 3.0 Conjurations
 + Level 1.6 Summonings
 + Level 1.2 Translocations
 + Level 1.2 Air Magic
 + Level 1.4 Poison Magic


You had 4 spell levels left.
You knew the following spells:

 Your Spells              Type           Power        Failure   Level  Hunger
a - Magic Dart            Conj           ###.         2%          1    None
b - Blink                 Tloc           N/A          9%          2    None
c - Call Imp              Summ           ##......     8%          2    None
d - Conjure Flame         Conj/Fire      ##......     16%         3    ##.....
e - Mephitic Cloud        Conj/Pois/Air  ##......     13%         3    ##.....
f - Slow                  Hex            #.......     14%         2    None

Your spell library contained the following spells:

 Spells                   Type           Power        Failure   Level  Hunger


Dungeon Overview and Level Annotations

Branches:
Dungeon (5/15)
 Temple: D:4-7

Altars:
Ashenzari
Fedhas
Qazlal


Innate Abilities, Weirdness & Mutations

You cannot wear most types of armour.
You are very stealthy in the water. (Stealth+)
((You are amphibious.))
You can wear up to eight rings at the same time.
((You can use your tentacles to constrict eight enemies at once.))
((Your skin changes colour to match your surroundings (Stealth+).))
((Your rubbery body absorbs attacks. (AC +1, EV +1)))


Message History

You feel sick.
The quokka bites you but does no damage.
You closely miss the quokka. You barely miss the quokka.
* * * LOW HITPOINT WARNING * * *
You feel sick.
The quokka bites you but does no damage.
You puncture the quokka!
You kill the quokka!
You are too berserk!
You cannot move.
There is a lethal amount of poison in your body!
* * * LOW HITPOINT WARNING * * *
You feel sick.
You feel a strong urge to attack something.
You are no longer berserk.
You pass out from exhaustion.
You feel yourself slow down.
Your transformation is almost over.
You die...

#.## ##)..# ## #######..## #....#
)###### #.........###....#
.<....## #.....<...[[.....#
.####..########....[...........##
## ##..................####...>#
#########..........# ##....
##.........# ###.. #.♣.......#
#.# #.........# #.# #.........#
#.. #.........# ##. ###########
##


There were no monsters in sight!

Vanquished Creatures
  Duvessa (D:4)
  An orc warrior (D:5)
  Dowan (D:4)
  2 scorpions (D:4)
  A howler monkey (D:4)
  A jelly (D:5)
  3 orc priests
  3 orc wizards
  A worker ant (D:5)
  4 gnolls (D:4)
  4 adders
  2 oozes
  An adder skeleton (D:4)
  3 dart slugs
  3 leopard geckos
  14 orcs
  A giant cockroach (D:1)
  11 goblins
  8 hobgoblins
  6 jackals
  5 kobolds
  2 quokkas
  3 ball pythons
  7 bats
  8 frilled lizards
  A leopard gecko skeleton (D:4)
  7 rats
104 creatures vanquished.

Vanquished Creatures (collateral kills)
  Menkaure (D:4)
  An adder skeleton (D:4)
  A dart slug (D:1)
  A leopard gecko (D:1)
  5 orcs
  A quokka (D:4)
10 creatures vanquished.

Grand Total: 114 creatures vanquished

Notes
Turn   | Place    | Note
-------+----------+-------------------------------------------
     0 | D:1      | Conn the Octopode Wizard began the quest for the Orb.
     0 | D:1      | Reached XP level 1. HP: 11/11 MP: 4/4
   216 | D:1      | Reached XP level 2. HP: 13/17 MP: 3/6
   398 | D:1      | Learned a level 2 spell: Blink
   401 | D:1      | Learned a level 2 spell: Call Imp
   481 | D:1      | Reached skill level 3 in Stealth
   513 | D:1      | Reached XP level 3. HP: 14/21 MP: 0/8
  1741 | D:3      | Reached XP level 4. HP: 21/27 MP: 4/9
  1968 | D:3      | Found a blossoming altar of Fedhas,
  1968 | D:3      | Found a stormy altar of Qazlal,
  1988 | D:3      | Reached skill level 4 in Stealth
  1988 | D:3      | Reached XP level 5. HP: 8/31 MP: 6/11
  2548 | D:3      | Reached skill level 1 in Short Blades
  2785 | D:4      | Noticed Menkaure
  3051 | D:3      | Learned a level 3 spell: Conjure Flame
  3055 | D:3      | Learned a level 3 spell: Mephitic Cloud
  3071 | D:4      | Killed Menkaure
  3071 | D:4      | Reached XP level 6. HP: 12/37 MP: 6/12
  3267 | D:4      | Reached skill level 5 in Stealth
  3272 | D:4      | Noticed Duvessa
  3567 | D:3      | Learned a level 2 spell: Slow
  3583 | D:4      | Noticed Dowan
  3918 | D:4      | Found a shattered altar of Ashenzari,
  3929 | D:4      | Reached skill level 1 in Fighting
  4112 | D:4      | Killed Duvessa
  4112 | D:4      | Reached skill level 6 in Stealth
  4112 | D:4      | Reached XP level 7. HP: 29/43 MP: 6/13
  4120 | D:4      | Killed Dowan
  4258 | D:4      | Reached skill level 1 in Poison Magic
  4354 | D:4      | Reached skill level 1 in Air Magic
  4539 | D:5      | Entered Level 5 of the Dungeon
  4561 | D:5      | Reached skill level 5 in Spellcasting
  4561 | D:5      | Reached XP level 8. HP: 10/48 MP: 3/15
  4568 | D:4      | HP: 3/72 [poisoned by a worker ant]
  4574 | D:4      | HP: 1/108 [poisoned by a worker ant]
  4579 | D:4      | Succumbed to a worker ant's poison

Levels and vault maps discovered:
D:1:      dpeg_arrival_simpleton_b, layout_basic, minmay_circled_x
D:2:      layout_rooms, minmay_cupped
D:3:      layout_loops_ring, grunt_temple_overflow_forces_of_nature
D:4:      layout_rooms, marbit_many_paths, uniq_menkaure, uniq_duvessa
D:5:      minmay_recursive_quarters, layout_loops_corners,
          gammafunk_temple_overflow_claw, first_ration,
          kennysheep_generic_room_7

Skill      XL: |  1  2  3  4  5  6  7 |
---------------+----------------------+-----
Stealth        | 3 4 6 |  6.9
Spellcasting   | 4 5 |  5.0
Conjurations   | 2 3 |  3.0
Short Blades   | 1 2 |  2.5
Fighting       | 1 |  1.5
Dodging        | 3 |  3.3
Poison Magic   | 1 |  1.4
Air Magic      | 1 |  1.2
Unarmed Combat | |  0.3
Summonings     | |  1.6
Translocations | |  1.2

Action                   |  1- 3 |  4- 6 |  7- 9 || total
-------------------------+-------+-------+-------++-------
Melee: Unarmed           |    20 |       |       ||    20
       Constrict         |     6 |    22 |     6 ||    34
       Tentacles         |     2 |    13 |     6 ||    21
       Short sword       |     8 |    63 |    33 ||   104
       Dagger            |       |    26 |     3 ||    29
 Cast: Magic Dart        |    78 |    48 |    23 ||   149
       Call Imp          |     1 |     6 |     1 ||     8
       Mephitic Cloud    |       |     7 |     4 ||    11
       Blink             |       |     1 |       ||     1
  Use: Potion            |       |     4 |     3 ||     7
       Scroll            |       |     2 |       ||     2
 Stab: Sleeping          |     1 |     6 |     1 ||     8
       Confused          |       |     5 |     1 ||     6
  Eat: Chunk             |     2 |     5 |     1 ||     8
       Ration            |       |     1 |       ||     1
Armor: Skin              |     4 |     8 |     6 ||    18
Dodge: Dodged            |    36 |    48 |    24 ||   108

Table legend:
 A = Non-vault XP
 B = Vault XP
 C = Vault XP percentage of total XP
 D = Non-vault monster count
 E = Vault monster count
 F = Vault count percentage of total count
                 A         B        C        D         E       F
            +---------+---------+-------+---------+---------+-------
      Total |     905 |     319 |  26.1 |     102 |      12 |  10.5
            +---------+---------+-------+---------+---------+-------
        D:1 |      44 |       6 |  12.0 |      23 |       4 |  14.8
        D:2 |      17 |       6 |  26.1 |      10 |       4 |  28.6
        D:3 |     174 |       0 |   0.0 |      28 |       0 |   0.0
        D:4 |     436 |     307 |  41.3 |      34 |       4 |  10.5
        D:5 |     234 |       0 |   0.0 |       7 |       0 |   0.0
            +---------+---------+-------+---------+---------+-------
